 Dungeon Crawl Stone Soup version 0.27.1-1-g398f81649c (webtiles) character file.

Game seed: 4499359851895744387

75 nxtlvl the Ruffian (level 4, -1/35 HPs)
             Began as a Minotaur Transmuter on Sept 19, 2021.
             Succumbed to a scorpion's poison
             ... on level 4 of the Dungeon.
             The game lasted 00:02:18 (239 turns).

nxtlvl the Ruffian (Minotaur Transmuter)             Turns: 239, Time: 00:02:19

Health: -1/35      AC:  2    Str: 15    XL:     4   Next: 11%
Magic:  5/5        EV: 12    Int: 10    God:
Gold:   20         SH:  0    Dex: 11    Spells: 4/5 levels left

rFire    . . .     SeeInvis .     - Unarmed
rCold    . . .     Faith    .   (no shield)
rNeg     . . .     Spirit   .   a - +0 robe
rPois    .         Reflect  .   (helmet restricted)
rElec    .         Harm     .   (no cloak)
rCorr    .         Rampage  .   (no gloves)
Will     .....                  (no boots)
Stlth    +.........             (no amulet)
HPRegen  0.11/turn              (no ring)
MPRegen  0.09/turn              (no ring)

@: lethally poisoned (-1 -> -15)
A: horns 2, retaliatory headbutt
a: no special abilities


You were on level 4 of the Dungeon.
You visited 1 branch of the dungeon, and saw 4 of its levels.

You collected 20 gold pieces.

Inventory:

Missiles
 b - 42 bolts
Armour
 a - a +0 robe (worn)
Scrolls
 c - a scroll of fog {unknown}


   Skills:
 - Level 1.2 Fighting
 - Level 2.1 Dodging
 + Level 5.5 Unarmed Combat
 - Level 1.3 Spellcasting
 - Level 1.5 Transmutations


You had 4 spell levels left.
You knew the following spells:

 Your Spells              Type           Power      Damage    Failure   Level
a - Beastly Appendage     Tmut           6%         N/A       19%         1

Your spell library contained the following spells:

 Spells                   Type           Power      Damage    Failure   Level
 Wereblood                Tmut           3%         N/A       26%         2
 Spider Form              Tmut/Pois      1%         N/A       58%         3
 Ice Form                 Ice/Tmut       2%         N/A       94%         4


Dungeon Overview and Level Annotations

Branches:
Dungeon (4/15)
 Temple: D:4-7

Altars:
Qazlal

Annotations:
D:2 Robin


Innate Abilities, Weirdness & Mutations

You have a pair of horns on your head.
You reflexively headbutt those who attack you in melee.


Message History

The atropa-tipped dart hits the scorpion.
The scorpion resists.
You feel very sick.
The scorpion closely misses you. x2; You furiously retaliate!
You headbutt the scorpion!
Throw: dart (atropa)
Press: ? - help, Q - select action, (/) - cycle Shift-Dir - straight line, f/p - scorpion
Aim: a scorpion (moderately wounded, 54% to hit, chance to blind on hit: 51%)
You throw an atropa-tipped dart.
The atropa-tipped dart closely misses the scorpion.
You feel sick. The scorpion stings you.
You hit the scorpion.
The scorpion is heavily wounded.
You feel sick. The scorpion barely misses you.
You hit the scorpion. You headbutt the scorpion.
The scorpion is severely wounded.
You feel sick.
The scorpion stings you but does no damage.
You barely miss the scorpion.
The scorpion is severely wounded.
You feel sick. The scorpion closely misses you.
You hit the scorpion.
The scorpion is almost dead.
You feel sick. The scorpion stings you!
* * * LOW HITPOINT WARNING * * *
You are lethally poisoned!
The scorpion poisons you!
You hit the scorpion.
You kill the scorpion!
* * * LOW HITPOINT WARNING * * *
You feel very sick.
Your Unarmed Combat skill increases to level 5!
You have reached level 3!
Your experience leads to an increase in your attributes!
Increase (S)trength, (I)ntelligence, or (D)exterity?
You feel stronger.
You have reached level 4!
You feel agile.
You aren't carrying any potions.
You die...

...... .. ........
.. .
.......#..##... ..
.....##.......
...##....##......#
.....(.#.........#
#
#(..#.........##.#
#..@..#.#......
#....###.....#
#.##.)##.##<.# ...
#.........#.#
...#....#.......#
##..##.####......#
.. ## #.....## ###
###.....# #.......


There were no monsters in sight!

Vanquished Creatures
  A scorpion (D:4)
  An endoplasm (D:2)
  A giant cockroach (D:1)
  4 goblins
  A hobgoblin (D:1)
  4 jackals (D:2)
  A bat (D:2)
  2 frilled lizards (D:1)
  A rat (D:1)
16 creatures vanquished.

Notes
Turn   | Place    | Note
-------+----------+-------------------------------------------
     0 | D:1      | nxtlvl the Minotaur Transmuter began the quest for the Orb.
     0 | D:1      | Reached XP level 1. HP: 16/16 MP: 1/1
    69 | D:2      | Noticed Robin
   127 | D:1      | Reached skill level 4 in Unarmed Combat
   127 | D:1      | Reached XP level 2. HP: 20/23 MP: 0/3
   209 | D:3      | Found a stormy altar of Qazlal.
   226 | D:4      | Noticed a scorpion
   238 | D:4      | Killed a scorpion
   238 | D:4      | HP: 1/23 [poisoned by a scorpion]
   239 | D:4      | Reached skill level 5 in Unarmed Combat
   239 | D:4      | Reached XP level 3. HP: 1/28 MP: 4/4
   239 | D:4      | Reached XP level 4. HP: 1/35 MP: 5/5
   239 | D:4      | Succumbed to a scorpion's poison

Illustrated notes

Levels and vault maps discovered:
D:1:      dpeg_arrival_court, layout_basic,
          shapermc_ecumenical_altar_mp_urbaneastern
D:2:      layout_loops_ring, basic_altar, minmay_heptomino_h4,
          uniq_crazy_yiuf_cottage, uniq_robin, uniq_sigmund
D:3:      layout_basic, vehumet_altar_wand_db, grunt_qazlal_clouds,
          serial_curves, eino_curves_02, eino_curves_04, eino_curves_02,
          eino_curves_01, due_unseen_surprise, uniq_natasha, uniq_grinder,
          uniq_ijyb
D:4:      layout_cave_pools, grunt_temple_overflow_growth_and_decay,
          gammafunk_temple_overflow_elements, grunt_decor_resistance

Skill      XL: |  1  2 |
---------------+-------+-----
Unarmed Combat | 4 5 |  5.5
Fighting       | |  1.2
Dodging        | |  2.1
Spellcasting   | |  1.3
Transmutations | |  1.5

Action                   |  1- 3 |  4- 6 || total
-------------------------+-------+-------++-------
Melee: Unarmed           |    35 |       ||    35
       Kick              |     3 |       ||     3
       Headbutt          |     2 |       ||     2
       Punch             |     1 |       ||     1
Throw: Dart              |     3 |       ||     3
 Cast: Beastly Appendage |     5 |       ||     5
Armor: Robe              |     2 |       ||     2
Dodge: Dodged            |    18 |       ||    18
